Map: Persephone LE

Players

LiquidMaNa (MaNa) - Winner!

  • Race: Protoss Protoss
  • League: Grandmaster
  • Spawn Location: 11:00

LiquidElazer (Elazer)

  • Race: Zerg Zerg
  • Spawn Location: 7:00

Event: FEL Cracov 2025

VOD

Have the link to the VOD?

Description

Time

  • Played on: July 27, 2025, 5:22 a.m.
  • Length: 14:43

All games in this series

Show
View Real Time Build Order
Export as new Build Order

LiquidMaNa Protoss - Winner!

Build Orders: 1 Gate Expand, Oracle Opening, Zealot Archon 

Get SALT Encoding   

  12  0:00  Probe  
  13  0:12  Probe  
  14  0:20  Pylon  
  14  0:24  Probe  
  15  0:34  Probe  
  15  0:42  Probe  
  16  0:48  Gateway  
  17  0:52  Assimilator, Probe  
  18  1:00  Probe  
  18  1:09  Probe  
  20  1:19  Probe  
  21  1:29  Nexus  
  21  1:40  Cybernetics Core  
  21  1:42  Probe  
  22  1:51  Assimilator  
  22  1:55  Pylon  
  22  1:57  Probe  
  23  2:13  Probe  
  24  2:16  Adept  
  24  2:18  Stargate  
  26  2:25  Probe  
  26  2:28  Warp Gate  
  27  2:37  Probe  
  27  2:42  Probe  
  29  2:46  Adept  
  29  2:49  Probe  
  32  2:51  Oracle  
  32  2:54  Probe  
  33  3:01  Probe  
  37  3:06  Pylon, Probe  
  38  3:13  Probe  
  38  3:15  Stalker  
  38  3:18  Probe  
  42  3:25  Probe  
  43  3:28  Gateway  
  43  3:30  Probe  
  44  3:37  Oracle, Probe  
  48  3:42  Probe  
  49  3:49  Probe  
  49  3:54  Probe  
  47  4:02  Probe  
  48  4:06  Probe  
  48  4:08  Twilight Council  
  48  4:09  Forge  
  49  4:12  Nexus  
  49  4:14  Probe  
  49  4:15  Protoss Ground Weapons Level 1  
  50  4:19  Probe  
  50  4:20  Adept  
  53  4:24  Pylon, Charge  
  53  4:29  Gateway x2  
  53  4:31  Probe  
  54  4:34  Assimilator  
  54  4:36  Assimilator  
  54  4:42  Probe  
  54  4:43  Probe  
  56  4:52  Gateway  
  56  4:56  Adept x2  
  56  4:57  Probe  
  61  5:06  Gateway, Probe  
  62  5:13  Pylon  
  62  5:14  Pylon  
  62  5:23  Probe  
  62  5:25  Zealot x4  
  67  5:31  Gateway  
  67  5:34  Gateway  
  68  5:35  Probe  
  68  5:39  Shield Battery  
  68  5:45  Templar Archives  
  68  5:49  Zealot  
  70  5:50  Zealot  
  70  5:55  Zealot  
  70  5:56  Zealot  
  76  5:58  Probe  
  76  5:59  Probe x2  
  76  6:03  Zealot  
  81  6:10  Photon Cannon  
  81  6:11  Probe  
  81  6:12  Pylon  
  82  6:21  High Templar x2  
  82  6:22  High Templar x2, Zealot  
  93  6:25  Archon  
  93  6:26  Archon  
  93  6:28  Pylon  
  93  6:31  Probe x2  
  94  6:33  Sentry, Zealot x2  
  100  6:43  Pylon  
  100  6:45  Pylon  
  100  6:49  Psionic Storm, Zealot  
  100  6:53  Zealot x2  
  106  6:54  Protoss Ground Weapons Level 2  
  106  6:56  Probe  
  107  7:03  Zealot x2  
  103  7:17  Nexus  
  103  7:19  High Templar x2  
  107  7:24  Archon  
  107  7:26  Zealot  
  109  7:33  Probe  
  110  7:41  Probe  
  109  7:44  Pylon  
  109  7:46  Pylon, Probe  
  109  7:47  Pylon  
  110  7:56  Probe  
  97  7:59  Probe  
  97  8:00  High Templar x2, Zealot x3  
  97  8:02  Zealot x3  
  96  8:08  Probe  
  97  8:19  Pylon  
  97  8:24  Zealot x6  
  109  8:35  High Templar  
  109  8:36  High Templar  
  110  8:46  High Templar  
  110  8:47  High Templar  
  114  8:49  Nexus  
  106  8:59  Pylon  
  106  9:01  Zealot x4  
  114  9:10  High Templar x2  
  114  9:16  Archon  
  117  9:24  Shield Battery  
  117  9:28  Probe  
  117  9:30  Pylon  
  117  9:31  Probe  
  117  9:33  Pylon  
  112  9:40  Zealot x3  
  114  9:47  Zealot x2  
  118  9:56  Zealot x3  
  118  10:05  Zealot x3  
  114  10:08  Probe  
  114  10:10  Probe  
  104  10:15  Probe  
  104  10:17  High Templar x2, Zealot  
  104  10:18  Zealot  
  109  10:21  Assimilator  
  109  10:26  Assimilator  
  109  10:27  Zealot x4  
  117  10:37  Probe x2  
  117  10:39  High Templar x2  
  123  10:47  Zealot x4  
  123  10:49  Blink  
  131  10:50  Probe x3  
  131  10:56  Oracle  
  137  10:57  Robotics Facility  
  137  11:01  Pylon  
  137  11:03  Pylon  
  130  11:20  Zealot x2  
  130  11:21  Zealot x4  
  130  11:24  Zealot x2  
  114  11:50  Stalker x8  
  126  12:04  Warp Prism  
  126  12:11  Nexus  
  126  12:13  High Templar  
  126  12:14  High Templar x3  
  136  12:17  Archon  
  136  12:18  Archon, Sentry, Zealot  
  140  12:24  Pylon  
  140  12:30  Zealot x2  
  142  12:49  Zealot x6  
  98  13:05  High Templar x2  
  98  13:09  Probe  
  103  13:13  Zealot x6  
  115  13:24  Immortal  
  119  13:32  Photon Cannon  
  119  13:35  Photon Cannon  
  119  13:37  Shield Battery  
  119  13:41  High Templar x7  
  119  13:45  Archon x3  
  119  13:47  Archon, High Templar  
  135  13:54  Probe x2  
  135  14:03  Observer  
  135  14:07  Nexus  
  130  14:13  Zealot x4  
  130  14:14  Zealot  
  138  14:34  Zealot x6  
  138  14:35  Zealot  
  152  14:39  Zealot  
Show
View Real Time Build Order
Export as new Build Order

LiquidElazer Zerg 

Build Orders: Hatch First, Lurkers, Swarm Host 

Get SALT Encoding   

  12  0:00  Drone  
  13  0:07  Drone  
  14  0:14  Extractor, Drone  
  15  0:21  Overlord  
  15  0:39  Drone  
  16  0:45  Hatchery  
  16  0:48  Drone  
  16  0:52  Drone  
  16  0:55  Drone  
  18  1:05  Extractor  
  17  1:11  Spawning Pool  
  17  1:14  Drone  
  17  1:19  Drone  
  18  1:27  Drone  
  19  1:37  Drone  
  20  1:54  Overlord  
  20  1:58  Queen x2  
  20  1:59  Zergling x2  
  20  2:01  Drone  
  26  2:09  Drone  
  26  2:11  Metabolic Boost  
  26  2:14  Zergling x2  
  28  2:22  Drone x2  
  30  2:30  Drone  
  30  2:31  Drone  
  32  2:42  Hatchery  
  31  2:47  Queen  
  31  2:51  Overlord  
  33  2:57  Drone x3  
  36  3:06  Overlord  
  36  3:09  Zergling x2  
  36  3:11  Zergling x2  
  36  3:12  Drone x3  
  41  3:14  Drone  
  41  3:16  Drone  
  41  3:19  Drone  
  44  3:27  Spore Crawler  
  44  3:29  Spore Crawler  
  44  3:31  Drone x3  
  45  3:34  Extractor  
  45  3:41  Drone x5  
  48  3:50  Drone x3  
  48  3:58  Lair  
  48  4:01  Drone x3  
  51  4:05  Drone  
  51  4:08  Spore Crawler, Drone  
  51  4:09  Drone  
  53  4:12  Overlord  
  53  4:14  Drone x2  
  53  4:16  Drone  
  56  4:18  Drone  
  56  4:21  Extractor  
  56  4:22  Extractor, Zergling x2  
  56  4:26  Overlord  
  56  4:27  Drone  
  56  4:30  Overlord  
  57  4:31  Drone x3  
  57  4:35  Drone x2  
  57  4:36  Drone  
  63  4:38  Drone  
  63  4:45  Drone x5  
  66  4:51  Baneling Nest, Overlord  
  65  4:59  Zergling x8  
  67  5:01  Hydralisk Den  
  67  5:02  Zergling x6  
  67  5:03  Overseer  
  70  5:07  Zergling x2  
  70  5:12  Overlord  
  70  5:16  Overlord  
  69  5:25  Overlord  
  70  5:32  Hydralisk x8, Muscular Augments  
  86  5:37  Hydralisk x2  
  86  5:39  Hydralisk  
  92  5:42  Hydralisk  
  92  5:46  Extractor  
  92  5:49  Overlord  
  93  5:52  Infestation Pit  
  92  5:57  Zergling x2  
  92  5:58  Zergling x10  
  92  6:01  Zergling x8  
  102  6:06  Zergling x8  
  102  6:10  Overlord  
  105  6:19  Zergling x4  
  107  6:29  Zergling x2  
  107  6:30  Zergling x4  
  110  6:37  Swarm Host x7  
  129  6:41  Overlord x2  
  129  6:53  Overlord  
  129  6:59  Hydralisk  
  129  7:00  Hydralisk x5  
  138  7:04  Hydralisk x2  
  125  7:11  Hydralisk x2  
  125  7:15  Zergling x8  
  120  7:19  Hydralisk  
  122  7:24  Hydralisk x2  
  122  7:26  Hydralisk  
  126  7:37  Hydralisk x3  
  126  7:41  Zergling x6  
  135  7:50  Evolution Chamber, Zergling x12  
  140  7:55  Queen  
  128  8:03  Zergling x14  
  127  8:07  Zergling x4  
  127  8:11  Grooved Spines  
  128  8:14  Zergling x6  
  129  8:30  Hydralisk x5  
  134  8:36  Zergling x8  
  137  8:44  Overlord x2  
  134  8:51  Drone x6  
  134  8:55  Drone  
  138  9:01  Overlord  
  138  9:12  Drone x6  
  144  9:24  Hydralisk x5  
  144  9:28  Zergling x6  
  144  9:29  Zergling x2  
  158  9:36  Zergling x6  
  158  9:49  Zergling x6  
  161  9:53  Overlord  
  141  10:02  Zergling x18  
  134  10:10  Baneling Nest  
  134  10:14  Hydralisk x3  
  118  10:17  Overseer  
  118  10:21  Hydralisk x2  
  124  10:26  Hydralisk x5  
  124  10:28  Overseer  
  138  10:29  Hatchery  
  138  10:30  Hydralisk  
  139  10:36  Zergling x10  
  144  10:45  Hydralisk x3  
  150  10:51  Zergling x10  
  150  10:52  Zergling x2  
  134  11:19  Hydralisk  
  134  11:20  Hydralisk x8  
  127  11:38  Zergling x18  
  117  11:48  Centrifugal Hooks  
  117  11:50  Hydralisk  
  117  11:51  Hydralisk x2  
  121  11:57  Hive  
  121  11:58  Hatchery  
  121  12:00  Lurker Den  
  119  12:02  Hydralisk x3  
  119  12:05  Baneling x8  
  119  12:07  Hydralisk  
  127  12:08  Hydralisk  
  129  12:16  Hydralisk x2  
  133  12:27  Zergling x16  
  141  12:34  Baneling x8  
  135  12:48  Zergling x20  
  135  12:56  Zergling x8  
  115  13:04  Zergling x4  
  106  13:11  Extractor  
  101  13:16  Seismic Spines  
  101  13:17  Lurker x7  
  101  13:19  Lurker  
  109  13:24  Drone x3, Overseer  
  114  13:27  Drone x2  
  114  13:32  Drone x3  
  114  13:33  Drone  
  118  13:38  Drone x3  
  120  13:43  Drone x2  
  122  13:49  Overlord  
  122  13:50  Hydralisk  
  121  14:02  Hydralisk  
  121  14:03  Hydralisk x3  
Tags
 
Add a new tag
Caveats
  • Supply blocks, unpowered buildings, or Contaminate may cause inaccurate times.
  • Supply counts are checked every 10 seconds.